[Event "*** Titled Tuesday Blitz"]
[Site "Chess.com"]
[Date "2020.04.28"]
[Round "9"]
[White "Sashadav97"]
[Black "druskacik"]
[Result "1-0"]
[WhiteElo "2752"]
[BlackElo "2579"]
[TimeControl "180+1"]
[EndTime "11:47:13 PDT"]
[Termination "Sashadav97 won by checkmate"]

1. d4 d5 2. c4 e6 3. Nc3 Nf6 4. cxd5 exd5 5. Bg5 c6 6. e3 Bd6 7. Bd3 O-O 8. Nge2 Re8 9. Qc2 h6 10. Bh4 a5 11. h3 Na6 12. a3 Nc7 13. O-O Ne6 14.
f4 Nf8 15. Qd2 Be7 16. Bf2 Qc7 17. Rad1 Be6 18. Ng3 Rad8 19. Nf5 Bxf5 20. Bxf5 Qb6 21. Rfe1 Ne6 22. Bxe6 fxe6 23. Qc2 Qc7 24. Bh4 Rf8 25. Bxf6 Bxf6 26. b4 axb4 27. axb4 Qd6 28. Rb1 Ra8 29. Na4 Be7 30. Nc5 b6 31. Nd3 Ra3 32. Ne5 c5 33.
bxc5 bxc5 34. Ng6 Rc8 35. Rb6 Qd7 36. Ne5 cxd4 37. Qg6 Qd8 38. Qxe6+ Kh7 39. Qf5+ Kg8 40.
Qe6+ Kh7 41. Qg6+ Kg8 42. Nf7 Qe8 43. Nxh6+ Kh8 44. Nf7+ Kg8 45. Nh6+ Kh8 46. Qf5 Bf8 47. Nf7+ Kg8 48. Ng5 Bc5 49. Qh7+ Kf8 50. Qh8+ Ke7 51. Qxg7+ Kd8 52. Ne6+ Qxe6 53. Rxe6 dxe3 54. Qf7 e2+ 55. Kh2 Rc6 56. Re8# 1-0

[Event "*** Titled Tuesday Blitz"]
[Site "Chess.com"]
[Date "2020.04.28"]
[Round "9"]
[White "ulises2013"]
[Black "JessPinkman"]
[Result "1-0"]
[WhiteElo "2629"]
[BlackElo "2478"]
[TimeControl "180+1"]
[EndTime "11:47:13 PDT"]
[Termination "ulises2013 won on time"]

1. d4 Nf6 2. c4 g6 3. Nc3 d5 4. Nf3 Bg7 5. cxd5 Nxd5 6. Na4 O-O 7. e4 Nb6 8. Be3 Bg4 9. Nc5 Nc6 10. Nxb7 Qb8 11. Nc5 Rd8 12. Nb3 Bxf3 13. gxf3 a5 14. Rc1 Nxd4 15. Nxd4 e5 16. Qc2 exd4 17. Bf4 Nd7 18.
Bxc7 Qb4+ 19. Qd2 Rdc8 20. Rc4 Qxd2+ 21. Kxd2 Ne5 22. Bxe5 Bxe5 23. Bd3 Rcb8 24. Rc2 a4 25. h3 Rb6 26. Bc4 Kg7 27. Kd3 Rf6 28. Ke2 Ra5 29.
Bd3 Rb6 30. Rhc1 Bf4 31. Rb1 Rh5 32. b3 Rxh3 33. Rcb2 a3 34. Rc2 Rh2 35. Rg1 Be3 36. Kf1 Bf4 37. Rg2 Rh1+ 38. Rg1 Rxg1+ 39. Kxg1 h5 40. Rc4 Be5 41. Kg2 Kf6 42. f4 Bxf4 43. Rxd4 Be5 44. Ra4 Bb2 45. Bc4 Rb7 46. Bd5 Rc7 47.
Ra6+ Ke5 48. Ra5 Kd4 49. Kf3 Kc3 50. Ra4 g5 51. b4 f6 52. b5 1-0

[Event "*** Titled Tuesday Blitz"]
[Site "Chess.com"]
[Date "2020.04.28"]
[Round "9"]
[White "JakeCarlosBanawa"]
[Black "Gromes7"]
[Result "1-0"]
[WhiteElo "2315"]
[BlackElo "2111"]
[TimeControl "180+1"]
[EndTime "11:47:13 PDT"]
[Termination "JakeCarlosBanawa won by checkmate"]

1. d4 Nf6 2. c4 e5 3. dxe5 Ng4 4. Bf4 Nc6 5. Nf3 Bb4+ 6. Nc3 Qe7 7. Qd5 f6 8. exf6 Nxf6 9. Qd3 d6 10. g3 O-O 11. Bg2 Ne4 12. O-O Bxc3 13. bxc3 Nc5 14. Qd4 Be6 15. Qd1 Bxc4 16. Re1 Rae8 17. Nd4 d5 18.
Nxc6 bxc6 19. Bf3 Ne4 20. Qc1 Qf7 21. Be3 a6 22. Bd4 Qe7 23. a4 Ng5 24. Bg2 c5 25. Bxc5 Qxc5 26. Qxg5 Qxf2+ 27. Kh1 Bxe2 28. Qxd5+ Kh8 29.
Qd4 Qxd4 30. cxd4 Bc4 31. Rxe8 Rxe8 32. Rc1 Bb3 33. a5 g6 34. h4 Re7 35. Rc6 Re2 36. Rxa6 Bc4 37. Ra8+ Kg7 38. Rc8 Re1+ 39. Kh2 Re2 40. Rxc7+ Kh6 41. Rxc4 Ra2 42. Rc5 Ra4 43.
d5 Kg7 44. d6 Kf6 45. d7 Ke7 46.
Rd5 Kd8 47. Kh3 Ra3 48. Be4 h6 49. Kg4 g5 50. hxg5 hxg5 51. Bf5 Ra4+ 52. Kxg5 Ra3 53.
Re5 Rxg3+ 54. Bg4 Rxg4+ 55. Kxg4 Kxd7 56. Rc5 Kd6 57. Rc1 Kd5 58. a6 Kd4 59. a7 Kd3 60. a8=Q Kd2 61. Qc6 Kd3 62. Qc2+ Kd4 63. Qd2+ Ke5 64.
Re1+ Kf6 65. Qf4+ Kg7 66. Re7+ Kg6 67. Qg5# 1-0

[Event "*** Titled Tuesday Blitz"]
[Site "Chess.com"]
[Date "2020.04.28"]
[Round "9"]
[White "Guachiney"]
[Black "Yuri202062"]
[Result "1-0"]
[WhiteElo "2819"]
[BlackElo "2548"]
[TimeControl "180+1"]
[EndTime "11:47:14 PDT"]
[Termination "Guachiney won on time"]

1. e4 c5 2. Nf3 e6 3. d4 cxd4 4.
Nxd4 a6 5. c4 Nf6 6. Nc3 Qc7 7.
a3 d6 8. Be3 Be7 9. Rc1 b6 10.
Be2 Bb7 11. f3 Nbd7 12. g4 h6 13. Kd2 Ne5 14. Kc2 Rc8 15. Kb1 Qb8 16. Qa4+ Nfd7 17. f4 Nc6 18. Rhd1 O-O 19. Nf5 exf5 20. gxf5 Nc5 21.
Qc2 Na5 22. b4 Nab3 23. bxc5 Nxc1 24. Kxc1 bxc5 25. Rg1 Bf6 26. Nd1 Bc6 27. Nf2 Ba4 28. Qxa4 Qb2+ 29. Kd1 Qa1+ 30. Bc1 Bb2 31. Qc2 Rb8 32.
f6 Bxf6 33. Ng4 Bb2 34. Nxh6+ Kh8 35. Nf5 Bxc1 36. Qxc1 Rb1 37. Kd2 Rxc1 38. Rxc1 Qb2+ 39. Rc2 Qxa3 40. Rc3 Qb2+ 41. Rc2 Qb4+ 42. Rc3 Rb8 43. Bd1 Qb2+ 44. Bc2 Rb4 45. Ne7 g6 46. Nd5 Rb8 47. e5 dxe5 48. fxe5 Kg7 49. Nf6 Rh8 50. h3 Qb4 51.
Nd5 Qb8 52. Re3 Rh4 53. e6 fxe6 54. Rxe6 Rd4+ 55. Kc3 1-0

[Event "*** Titled Tuesday Blitz"]
[Site "Chess.com"]
[Date "2020.04.28"]
[Round "9"]
[White "UmutErdemGunduz"]
[Black "MiroVlasenko"]
[Result "0-1"]
[WhiteElo "2423"]
[BlackElo "2599"]
[TimeControl "180+1"]
[EndTime "11:47:14 PDT"]
[Termination "MiroVlasenko won by resignation"]

1. e4 Nc6 2. Nf3 d6 3. d4 Nf6 4. Nc3 g6 5. Bc4 Bg7 6. h3 O-O 7. Qe2 e5 8. Be3 exd4 9. Nxd4 Re8 10. O-O-O Nxd4 11. Bxd4 Be6 12. f3 c6 13. Bxe6 Rxe6 14. Qf2 Qa5 15. g4 b5 16. Kb1 b4 17. Ne2 c5 18.
Bxf6 Rxf6 19. g5 Re6 20. Nf4 Re5 21. Rxd6 Rxg5 22. h4 Re5 23. Rhd1 c4 24. Nd5 b3 25. cxb3 cxb3 26. axb3 Re6 27. Rxe6 fxe6 28. Ne7+ Kf8 29.
Nc6 Qb5 30. Nd4 Qb6 31. e5 Bxe5 32. Qe3 Bxd4 33. Rxd4 Kg8 34. Qe4 Rf8 35. h5 gxh5 36. Rd7 Rf7 37. Rxf7 Kxf7 38. Qxh7+ Kf8 39. Qxh5 Qxb3 40.
Qc5+ Kg8 41. f4 a6 42. Qg5+ Kf7 43. Qh5+ Ke7 44. Qc5+ Kf6 45. Qg5+ Kf7 46. Qh5+ Ke7 47. Qg5+ Kd7 48. Qg7+ Kc6 49. Qe5 Qd1+ 50. Ka2 Qd5+ 51. Qxd5+ Kxd5 52. Ka3 Ke4 53. Ka4 Kxf4 54. Ka5 e5 55. Kxa6 e4 56. b4 e3 57. b5 e2 58. b6 e1=Q 59. b7 Qe8 60. Ka7 Qa4+ 61. Kb8 Ke5 62. Kc8 Qc6+ 63. Kb8 Kd6 64. Ka7 Qa4+ 65. Kb6 Qb4+ 66. Ka7 Kc7 0-1

[Event "*** Titled Tuesday Blitz"]
[Site "Chess.com"]
[Date "2020.04.28"]
[Round "9"]
[White "Michaelson_11"]
[Black "atalz0"]
[Result "0-1"]
[WhiteElo "2005"]
[BlackElo "2435"]
[TimeControl "180+1"]
[EndTime "11:47:15 PDT"]
[Termination "atalz0 won by resignation"]

1. e4 d5 2. exd5 Nf6 3. Nc3 Nxd5 4. d4 Bf5 5. Nf3 e6 6. Nxd5 Qxd5 7. c4 Qe4+ 8. Be2 Bb4+ 9. Bd2 Bxd2+ 10. Qxd2 Nc6 11. O-O O-O-O 12. Rfd1 Qc2 13. Qxc2 Bxc2 14. Rd2 Be4 15.
Rad1 Rd6 16. Ng5 Bg6 17. h4 h6 18. Nf3 Rhd8 19. c5 R6d7 20. Bb5 Bh5 21. Bxc6 bxc6 22. Ne5 Bxd1 23. Nxd7 Rxd7 24. Rxd1 e5 25. Kf1 exd4 26. Ke2 Rd5 27. b4 Kd7 28. Kd3 Ke6 29. Re1+ Re5 30.
Re4 f5 31. Rxd4 Re1 32. Kc3 Rc1+ 33. Kb3 Rf1 34. Rd2 g5 35. hxg5 hxg5 36. Ka4 f4 37. Ka5 Rb1 38. a3 Ra1 39. Rd3 Ra2 40. Rf3 Ke5 41.
Ka6 g4 42. Rd3 Rxf2 43. Kxa7 Rxg2 44. Kb7 f3 45. Rd8 f2 46. Re8+ Kd4 47. Rf8 g3 48.
Kxc6 Rg1 49. Rd8+ Kc4 0-1

[Event "*** Titled Tuesday Blitz"]
[Site "Chess.com"]
[Date "2020.04.28"]
[Round "9"]
[White "BelaKis"]
[Black "tomsishere"]
[Result "0-1"]
[WhiteElo "2062"]
[BlackElo "2388"]
[TimeControl "180+1"]
[EndTime "11:47:15 PDT"]
[Termination "tomsishere won on time"]

1. Nf3 c6 2. c4 d5 3. cxd5 cxd5 4. d4 Nf6 5. Nc3 g6 6. Bf4 Bg7 7. e3 O-O 8. h3 Ne4 9. Bd3 Nxc3 10. bxc3 Nc6 11.
O-O Re8 12. c4 e5 13. dxe5 Nxe5 14. Nxe5 Bxe5 15. Bxe5 Rxe5 16. Rb1 b6 17. Qe2 Bb7 18. cxd5 Qxd5 19. f3 Rae8 20. e4 Qd4+ 21. Kh1 Rh5 22. Bb5 Rc8 23. Rfd1 Qe5 24. Rd7 Rc7 25. Rxc7 Qxc7 26.
Rd1 Rc5 27. Ba6 Bxa6 28. Qxa6 Rc2 29. a4 Qg3 30. Qf1 Qf4 31. Rd8+ Kg7 32. Qa1+ f6 33. Rd7+ Kh6 34. Rd1 Qg5 35. Rg1 Kg7 36. Qd4 Rc7 37. Qd8 Qc5 38. Rd1 Rf7 39. Rd7 Qc1+ 40. Kh2 Qf4+ 41. Kh1 Qc1+ 42. Kh2 Qc4 43. Qe8 h5 44. Rxf7+ Qxf7 45. Qa8 Qc7+ 46. Kh1 Qc1+ 47. Kh2 Qc7+ 48. Kh1 h4 49. Qd5 Qc1+ 50. Kh2 Qf4+ 51. Kh1 Qc7 52. Qb5 Qc1+ 53. Kh2 Qc7+ 54. Kh1 Kh6 55. Kg1 Qc1+ 56. Kh2 Qc7+ 57. Kh1 Qb7 58. Qd3 Qc7 59. Qb5 Qe7 60. Kh2 Kg7 61. Qc5 Qxc5 0-1

[Event "*** Titled Tuesday Blitz"]
[Site "Chess.com"]
[Date "2020.04.28"]
[Round "9"]
[White "IwkooO"]
[Black "kakakz"]
[Result "0-1"]
[WhiteElo "2566"]
[BlackElo "2428"]
[TimeControl "180+1"]
[EndTime "11:47:16 PDT"]
[Termination "kakakz won by resignation"]

1. c4 Nf6 2. g4 Nxg4 3. Nc3 c5 4. e4 d6 5. Be2 h5 6. h3 Nf6 7. d3 Nc6 8. Bg5 g6 9. Qd2 Bg7 10. f4 Nd4 11. Nf3 Ne6 12. Bh4 Bh6 13. Ng5 Nh7 14. Nd5 Nhxg5 15. fxg5 Bg7 16. Rf1 Bd7 17. O-O-O b5 18.
Rf2 Rb8 19. b3 a5 20. Rdf1 O-O 21. Bxh5 gxh5 22. g6 fxg6 23. Bxe7 Rxf2 24. Qxf2 Qe8 25. Bxd6 Rc8 26. Nf6+ Bxf6 27. Qxf6 a4 28. Be5 Kh7 29.
Qf7+ Kh6 30. Bf4+ Nxf4 31. Qxf4+ Kg7 32. Qf6+ Kg8 33. Rg1 Kh7 34. Rg5 axb3 35. axb3 bxc4 36. bxc4 Qe6 37. Qf4 Qe7 38. Re5 Qf8 39. Qg5 Qf1+ 40. Kd2 Qf2+ 41. Kc3 Qd4+ 42. Kd2 Qf2+ 43. Kc3 Qd4+ 44.
Kd2 Qb2+ 45. Ke3 Qc1+ 46. Ke2 Qxg5 47. Rxg5 Bxh3 48. e5 Bg4+ 49. Ke3 Kg7 50. d4 cxd4+ 51. Kxd4 Kh6 0-1

[Event "*** Titled Tuesday Blitz"]
[Site "Chess.com"]
[Date "2020.04.28"]
[Round "9"]
[White "WelshTiger"]
[Black "Szparu"]
[Result "0-1"]
[WhiteElo "2346"]
[BlackElo "2500"]
[TimeControl "180+1"]
[EndTime "11:47:16 PDT"]
[Termination "Szparu won on time"]

1. e4 c5 2. Nf3 e6 3. d4 cxd4 4. Nxd4 Nc6 5. Nb5 d6 6. c4 Nf6 7. N1c3 Be7 8. Be2 a6 9. Na3 O-O 10. Be3 d5 11. cxd5 exd5 12. exd5 Bxa3 13. bxa3 Qa5 14.
Qd2 Rd8 15. O-O Nxd5 16. Nxd5 Qxd2 17. Bxd2 Rxd5 18. Be3 Bf5 19. Rfd1 Rad8 20. Rxd5 Rxd5 21. Bf3 Rd6 22. Rc1 Bd7 23. h3 f6 24. Bc5 Rd3 25.
Be4 Rd2 26. Re1 Kf7 27. Be3 Rb2 28. Bd5+ Kg6 29. Bc5 Ne5 30. Bb3 Rd2 31. Be3 Rd6 32. Rc1 Be6 33. Rc7 Bxb3 34. axb3 b5 35. Kh2 Rd3 36.
Ra7 Rxb3 37. Rxa6 Nc4 38. a4 b4 39. Bc5 Rb1 40. Ra7 b3 41. a5 b2 42. Bd4 Ra1 43. Bxb2 Nxb2 44. a6 Nd3 45. Ra8 Nxf2 46.
a7 f5 47. Kg3 Ne4+ 48. Kf4 Ra4 49. g4 Nd6+ 50. Ke5 Nb5 51. gxf5+ Kh6 52. h4 Rxa7 53.
Rb8 Re7+ 54. Kf4 Nc7 55. f6 gxf6 56. Kf5 Kg7 0-1

[Event "*** Titled Tuesday Blitz"]
[Site "Chess.com"]
[Date "2020.04.28"]
[Round "9"]
[White "Bathory44"]
[Black "VincentKeymer"]
[Result "1/2-1/2"]
[WhiteElo "2591"]
[BlackElo "2721"]
[TimeControl "180+1"]
[EndTime "11:47:18 PDT"]
[Termination "Game drawn by repetition"]

1. e4 e6 2. d4 d5 3. Nd2 c5 4. exd5 Qxd5 5. dxc5 Nf6 6. Ngf3 Bxc5 7. Bd3 O-O 8. Qe2 Nc6 9. a3 e5 10. Ne4 Nxe4 11.
Bxe4 Qd6 12. O-O f6 13. Rd1 Qe7 14. b4 Bb6 15. c4 Kh8 16. c5 Bc7 17. Bb2 Be6 18.
Qc2 a6 19. Re1 Bg8 20. Rad1 Rad8 21. h3 Qe6 22. Bf5 Qb3 23. Bxh7 Rxd1 24. Rxd1 Rd8 25. Rxd8 Bxd8 26. Nh4 Qxc2 27. Bxc2 Bd5 28. Nf5 Bc7 29. f3 Kg8 30. Kf2 Kf8 31. g4 Be6 32. h4 a5 33.
Bc3 axb4 34. axb4 Ne7 35. Ke3 b6 36. Nxe7 Kxe7 37. g5 bxc5 38. bxc5 f5 39. h5 Kf7 40. Ba4 Bd5 41. Bd7 f4+ 42. Ke2 g6 43. h6 Kg8 44.
c6 Kh7 45. Be8 e4 46. fxe4 Bxe4 47. Bd4 f3+ 48. Kf2 Bd5 49. Bd7 Be4 50. Ke3 Bd5 51. Bg4 Bxc6 52. Bxf3 Bxf3 53. Kxf3 Bd6 54. Ke4 Be7 55. Be3 Bd6 56. Kd5 Be7 57. Ke6 Bf8 58. Kf7 Ba3 59. Bf4 Bb2 60. Be3 Ba3 61. Bf4 Bb2 62. Be3 Ba3 1/2-1/2

[Event "*** Titled Tuesday Blitz"]
[Site "Chess.com"]
[Date "2020.04.28"]
[Round "9"]
[White "Pedrada88"]
[Black "mjray79"]
[Result "0-1"]
[WhiteElo "2352"]
[BlackElo "2261"]
[TimeControl "180+1"]
[EndTime "11:47:19 PDT"]
[Termination "mjray79 won by checkmate"]

1. Nf3 Nf6 2. g3 g6 3. Bg2 Bg7 4. d4 O-O 5. O-O d6 6. a4 Nc6 7. a5 a6 8. c4 e5 9. d5 Ne7 10. Nc3 Nd7 11. b4 f5 12. Ng5 Nf6 13. c5 Ne8 14. Ra3 e4 15. Be3 h6 16. Ne6 Bxe6 17. dxe6 d5 18. Bd4 Nf6 19. f3 c6 20. Na4 Qc7 21. Nb6 Rad8 22. Qd2 Kh7 23. Kh1 Nc8 24. Qf4 Qe7 25. fxe4 dxe4 26. Nxc8 Rxc8 27. g4 Nxg4 28. Bxg7 Kxg7 29. Rd1 Qxe6 30. h3 Nf6 31. Rd6 Qe7 32. Rg3 Kh7 33. Qh4 Rcd8 34. Bxe4 Rxd6 35. cxd6 Qxe4+ 36. Qxe4 Nxe4 37. Re3 Nxd6 38. Re7+ Rf7 39. Re6 Rd7 40. Kg2 Ne4 41. h4 Kg7 42. h5 gxh5 43. Kf3 Ng5+ 44. Kf4 Nxe6+ 45. Ke5 Nd4 46. e4 fxe4 47. Kxe4 Nc2 48. b5 axb5 49. Ke5 b4 50. a6 bxa6 51. Ke6 Rd1 52. Ke7 b3 53.
Ke6 b2 54. Ke7 b1=Q 55. Ke6 Re1+ 56. Kd7 Qd1+ 57. Kc7 Re7+ 58. Kb6 Qd6 59. Ka5 Rb7 60. Kxa6 Qb8 61. Ka5 Qa7# 0-1

[Event "*** Titled Tuesday Blitz"]
[Site "Chess.com"]
[Date "2020.04.28"]
[Round "9"]
[White "SergioGarciaFuentes"]
[Black "andy_rekt"]
[Result "0-1"]
[WhiteElo "2084"]
[BlackElo "2211"]
[TimeControl "180+1"]
[EndTime "11:47:20 PDT"]
[Termination "andy_rekt won on time"]

1. Nf3 c5 2. g3 Nc6 3. d4 cxd4 4. Nxd4 g6 5. Bg2 Bg7 6. Nxc6 bxc6 7. c4 Nf6 8. Nc3 O-O 9. O-O Rb8 10. b3 Qa5 11. Qd2 Ng4 12. Bb2 Qh5 13. h3 Nf6 14. e3 d5 15. cxd5 Bxh3 16. Qd1 Bg4 17. f3 Bd7 18. e4 cxd5 19. Nxd5 Nxd5 20. Bxg7 Kxg7 21.
Qxd5 Qxd5 22. exd5 Rfd8 23. Rac1 Bb5 24. Rfd1 Rd7 25. f4 Rbd8 26. Rc5 Be2 27. Re1 Bg4 28. Rec1 h5 29. Rc7 Rxc7 30. Rxc7 Rd7 31. Rxd7 Bxd7 32. Kf2 Kf8 33. Ke3 Ke8 34. Kd4 Kd8 35. Kc5 Kc7 36.
b4 Bf5 37. b5 f6 38. a4 g5 39.
fxg5 fxg5 40. a5 h4 41. b6+ axb6+ 42. axb6+ Kb8 43. Kd4 h3 44. Bh1 Bc2 45. Ke5 g4 46. Kf4 Bd1 47. Kf5 Bf3 0-1

[Event "*** Titled Tuesday Blitz"]
[Site "Chess.com"]
[Date "2020.04.28"]
[Round "9"]
[White "swapchess90"]
[Black "elohunter1999"]
[Result "1-0"]
[WhiteElo "2683"]
[BlackElo "2510"]
[TimeControl "180+1"]
[EndTime "11:47:22 PDT"]
[Termination "swapchess90 won by resignation"]

1. Nf3 Nf6 2. g3 b6 3. Bg2 Bb7 4. O-O c5 5. c4 e6 6. Nc3 Be7 7. d4 cxd4 8. Qxd4 O-O 9. Rd1 d6 10. b3 Nbd7 11. Bb2 a6 12. Qf4 Qb8 13. h4 Rc8 14. g4 Ne5 15. Nxe5 dxe5 16. Qg3 Bxg2 17.
Qxg2 b5 18. g5 Nh5 19. cxb5 Nf4 20. Qf3 axb5 21. Rd7 Ra7 22. Rad1 Rcc7 23. Rxc7 Rxc7 24. e3 Ng6 25. h5 Nh4 26. Qg4 Bxg5 27. Ne4 f5 28. Qg3 fxe4 29. Bxe5 Nf3+ 30. Kg2 Nxe5 31. Qxe5 Bf6 32. Qxe6+ Kh8 33. h6 Qg8 34. Qxe4 gxh6+ 35. Kf3 Rf7 36. Ke2 h5 37. Rd5 Qg4+ 38. Qxg4 hxg4 39. Rxb5 Ra7 40. a4 Kg7 41. a5 Kg6 42. b4 h5 43. Rb6 h4 44. a6 h3 45. Kf1 Rc7 46. Kg1 Rc1+ 47. Kh2 Kf5 48. e4+ Kg5 49. Rb5+ Kh4 50.
a7 Bg5 51. Rxg5 Ra1 52. Ra5 Rf1 53. Ra2 Rxf2+ 54. Rxf2 g3+ 55. Kg1 gxf2+ 56. Kxf2 h2 57.
Kg2 1-0

[Event "*** Titled Tuesday Blitz"]
[Site "Chess.com"]
[Date "2020.04.28"]
[Round "9"]
[White "Pittiplatsh"]
[Black "ZarinaShafigullina"]
[Result "0-1"]
[WhiteElo "2432"]
[BlackElo "2235"]
[TimeControl "180+1"]
[EndTime "11:47:23 PDT"]
[Termination "ZarinaShafigullina won on time"]

1. e4 c5 2. Nf3 Nc6 3. d4 cxd4 4. Nxd4 e5 5. Nb5 d6 6. N1c3 a6 7. Na3 Be7 8. Nd5 Nf6 9. Nxf6+ Bxf6 10. Nc4 Be7 11. c3 Be6 12. Ne3 Bg5 13. Be2 O-O 14.
O-O g6 15. a4 f5 16. exf5 gxf5 17. Nd5 Bxc1 18. Rxc1 Ne7 19. Bc4 Kh8 20. f4 Ng6 21. g3 Bxd5 22. Bxd5 Qb6+ 23. Rf2 exf4 24. a5 Qa7 25.
Qh5 fxg3 26. hxg3 f4 27. g4 Rae8 28. Rf1 Qe3 29. Kh1 Re5 30. Qh6 Rxd5 31. Rf3 Qe4 32. Kg1 Re5 33. b4 d5 34. R3f2 f3 35. Rh2 Re7 36.
g5 f2+ 37. Rhxf2 Rxf2 38. Rxf2 Qg4+ 39. Kh2 Qc8 40. Qh5 Qc7+ 41. Kh1 Qc6 42. Kh2 Qd6+ 43. Kh1 Qc6 44. Kh2 Qxc3 45. Qg4 Qe5+ 46. Kh1 Qe1+ 47.
Kg2 Qe4+ 48. Qxe4 Rxe4 49. Rf6 Rxb4 50. Kf3 d4 51. Rf7 Rb5 52. Ke4 Rxa5 53. Rxb7 Rxg5 54.
Kxd4 a5 55. Rb8+ Kg7 56. Ra8 h5 57. Ra7+ Kh6 0-1

[Event "*** Titled Tuesday Blitz"]
[Site "Chess.com"]
[Date "2020.04.28"]
[Round "9"]
[White "Camels1981"]
[Black "Manukyan_Artak"]
[Result "1-0"]
[WhiteElo "2229"]
[BlackElo "2385"]
[TimeControl "180+1"]
[EndTime "11:47:23 PDT"]
[Termination "Camels1981 won by resignation"]

1. e4 c6 2. d4 d5 3. exd5 cxd5 4. c4 Nc6 5. Nc3 Nf6 6. Bg5 Be6 7. a3 g6 8. c5 Bg7 9. Qc2 Nxd4 10. Qd1 Nc6 11. Nf3 O-O 12. Bd3 d4 13. Ne2 Qd5 14. b4 Bg4 15. Nf4 Qxg5 16. Nxg5 Bxd1 17. Rxd1 e5 18. Ne2 h6 19. Ne4 Nxe4 20. Bxe4 f5 21. Bd5+ Kh7 22. b5 Na5 23. O-O Rfd8 24. Ba2 e4 25. Nf4 d3 26. Ne6 Rd7 27. Rfe1 Bc3 28. Re3 Bd4 29. Nxd4 Rxd4 30. f3 Rc8 31. fxe4 fxe4 32.
Rc1 d2 33. Rd1 Rxc5 34. Kf2 Rxb5 35. Rc3 Nc6 36. Ke2 Rb2 37. Bb1 Kg7 38. Re3 Kf6 39.
Bxe4 Ne5 40. Bd3 Nxd3 41. Rxd3 Rxd3 42. Kxd3 Ke5 43. Kc3 Ra2 44. Kb3 Kd4 45. Kxa2 Ke3 46. Kb3 Kd3 47. g4 g5 48. h3 b5 49. a4 bxa4+ 50.
Kb2 a3+ 51. Kb3 a2 52. Ra1 Ke2 53. Kc2 a5 54. Rd1 Ke3 55. Kb2 Ke2 56. Kc2 Ke3 57.
Kb2 a4 58. Kc2 a3 59. Rh1 Ke2 60. Rh2+ Ke3 61. Rh1 Ke2 62. Ra1 Ke3 63. Rd1 Ke2 64.
Rxd2+ Ke3 65. Rd1 1-0

[Event "*** Titled Tuesday Blitz"]
[Site "Chess.com"]
[Date "2020.04.28"]
[Round "9"]
[White "Angry_Twin"]
[Black "LiemLe"]
[Result "1-0"]
[WhiteElo "2821"]
[BlackElo "2991"]
[TimeControl "180+1"]
[EndTime "11:47:24 PDT"]
[Termination "Angry_Twin won by resignation"]

1. e4 c5 2. Nf3 Nc6 3. Bb5 g6 4. Bxc6 bxc6 5. O-O Bg7 6. Re1 Qc7 7. h3 d6 8. c3 Nf6 9. d4 cxd4 10. cxd4 O-O 11. Nc3 c5 12. Bg5 cxd4 13. Nxd4 Bb7 14. Rc1 Qb8 15. Qd2 Rc8 16. b3 Rc5 17. f3 Qd8 18. Be3 Rcc8 19. Na4 Nd7 20. Rxc8 Rxc8 21. Rc1 Rxc1+ 22.
Qxc1 Qa5 23. Qc3 Qxc3 24. Nxc3 f5 25. exf5 gxf5 26. Nce2 f4 27. Bf2 Ba6 28. Kf1 Kf7 29. Nf5 Nc5 30. Nxg7 Kxg7 31. Bxc5 dxc5 32. Ke1 e5 33.
Nc3 Kf7 34. Ne4 c4 35. bxc4 Ke7 36. c5 Bc4 37. a3 h6 38. g3 fxg3 39. Nxg3 Ke6 40.
Ne4 Kd5 41. Kd2 Bf1 42. h4 Bh3 43. Ke3 Bf5 44. Nf6+ Kxc5 45. Ng8 h5 46. Nf6 Bg6 47. Nd7+ Kd6 48. Nf6 a5 49. f4 exf4+ 50. Kxf4 a4 51. Kg5 Bf7 52. Nxh5 Kc5 53. Nf4 Kc4 54. Kf6 Be8 55.
Ng6 Bxg6 56. Kxg6 Kb3 57. h5 Kxa3 58. h6 Kb3 59. h7 a3 60. h8=Q a2 61. Qa1 Ka3 62.
Kf5 Kb3 63. Ke4 Kc4 64. Qxa2+ 1-0

[Event "*** Titled Tuesday Blitz"]
[Site "Chess.com"]
[Date "2020.04.28"]
[Round "9"]
[White "fastestmindalive"]
[Black "Hikaru"]
[Result "0-1"]
[WhiteElo "2841"]
[BlackElo "3238"]
[TimeControl "180+1"]
[EndTime "11:47:25 PDT"]
[Termination "Hikaru won on time"]

1. e4 c6 2. Nc3 d5 3. Nf3 Bg4 4.
h3 Bh5 5. Be2 e6 6. O-O Nd7 7. d3 Bd6 8. Re1 Ne7 9. Nd2 Bxe2 10.
Qxe2 O-O 11. Nf3 Ng6 12. Bd2 Re8 13. Rad1 Qc7 14. Bc1 Bb4 15. Bd2 Bd6 16. Bc1 Rad8 17. d4 Bb4 18. Bd2 Bxc3 19. Bxc3 Nf6 20. Nd2 c5 21.
dxc5 d4 22. Bb4 d3 23. cxd3 Nf4 24. Qf3 Nxd3 25. Bc3 Nxe1 26. Rxe1 Qxc5 27. Qg3 e5 28.
Nf3 Rd3 29. Qg5 Nd7 30. Rc1 f6 31. Qh5 Qe7 32. Bb4 Qf7 33. Qxf7+ Kxf7 34. Rc7 Rd1+ 35. Kh2 Ke6 36. Kg3 g6 37. h4 h5 38. Rxb7 Rb8 39.
Rxb8 Nxb8 40. Ne1 Rd4 41. Bc3 Rxe4 42. Nd3 Rc4 43. f3 Nd7 44. Nf2 Nc5 45. Kh3 Na4 46.
Ba5 Nxb2 47. Ne4 Nd3 48. Bd8 f5 49. Ng5+ Kd7 50. Bf6 Rc2 51. Kg3 f4+ 52. Kh2 Kd6 53. Bg7 Kd5 54. Nf7 Rc1 55. Ng5 Nf2 56. g3 fxg3+ 57.
Kxg3 Nd3 58. Ne4 Rc2 59. Nf6+ Ke6 60. Ne4 Nf4 61. Nf2 Kf5 62. Bf8 Rxa2 63. Bd6 a6 64. Bc5 a5 65. Bb6 a4 66. Bc5 Rc2 67. Bb4 Ra2 68.
Bc5 a3 0-1

[Event "*** Titled Tuesday Blitz"]
[Site "Chess.com"]
[Date "2020.04.28"]
[Round "9"]
[White "WhiteCapital80"]
[Black "EnergeticHay"]
[Result "1-0"]
[WhiteElo "2408"]
[BlackElo "2223"]
[TimeControl "180+1"]
[EndTime "11:47:25 PDT"]
[Termination "WhiteCapital80 won by resignation"]

1. e4 c5 2. Nf3 d6 3. d4 cxd4 4. Nxd4 Nf6 5. Nc3 a6 6. Be2 e6 7. O-O Qc7 8. f4 b5 9. Bf3 Bb7 10. e5 dxe5 11. fxe5 Nfd7 12. Bf4 Nc6 13. Kh1 Nxd4 14.
Qxd4 Bc5 15. Qd2 Bxf3 16. Rxf3 Qc6 17. Rd3 O-O-O 18. Rd1 h6 19. Qe2 g5 20. Bg3 Nb6 21.
Ne4 Nd5 22. b3 Nb4 23. Rxd8+ Rxd8 24. Rxd8+ Kxd8 25. c4 Kc8 26. h3 Kb8 27. Nxc5 Qxc5 28. Bf2 Qc6 29. Qd2 a5 30. a3 Na6 31. Qxa5 bxc4 32.
bxc4 Qxc4 33. Qb6+ Kc8 34. Be3 Nc7 35. Qc5 Qxc5 36.
Bxc5 Nd5 37. Kg1 Kd7 38. Kf2 Kc6 39. Bd6 h5 40. g3 Kb5 41. Kf3 Kc4 42. g4 hxg4+ 43.
hxg4 Kd3 44. a4 Kd4 45. a5 Kc4 46. a6 Kb5 47. a7 Nb6 48. Bc7 Na8 49. Bd8 Ka6 50.
Bxg5 Kxa7 51. Bd8 Kb7 52. Kf4 Nc7 53. Bxc7 Kxc7 54. Kg5 Kd7 55. Kf6 Ke8 56. Kg7 Ke7 57. g5 Ke8 58. Kf6 Kf8 59. g6 fxg6 60. Kxg6 Ke7 61. Kg7 Kd7 62. Kf7 Kd8 63. Kxe6 Ke8 64. Kd6 Kd8 65. e6 Ke8 66. e7 Kf7 67. Kd7 Kf6 1-0

[Event "*** Titled Tuesday Blitz"]
[Site "Chess.com"]
[Date "2020.04.28"]
[Round "9"]
[White "quesfr"]
[Black "Nara_Kh"]
[Result "1-0"]
[WhiteElo "2258"]
[BlackElo "2443"]
[TimeControl "180+1"]
[EndTime "11:47:26 PDT"]
[Termination "quesfr won by resignation"]

1. e4 c5 2. c3 d6 3. d4 Nf6 4. Bd3 g6 5. dxc5 dxc5 6. e5 Nd5 7. Be4 e6 8. c4 Nb4 9. Qxd8+ Kxd8 10. a3 N4c6 11.
f4 Nd4 12. Nd2 Nbc6 13. Ngf3 Be7 14. Nxd4 Nxd4 15. Nf3 Kc7 16. Be3 Rd8 17. Rd1 Nxf3+ 18. Bxf3 Bd7 19. Ke2 Ba4 20. Rxd8 Rxd8 21. Rc1 h5 22.
Be4 b6 23. g3 h4 24. Rc3 f5 25. Bf3 hxg3 26. hxg3 Rh8 27. Rc1 Rh2+ 28. Bf2 g5 29.
Rh1 Rxh1 30. Bxh1 Bb3 31. Kd3 g4 32. Bg2 a6 33. Kc3 Ba4 34. b3 Be8 35. a4 b5 36.
axb5 axb5 37. cxb5 Bxb5 38. Bh1 Kb6 39. b4 Bf1 40. bxc5+ Bxc5 41. Bxc5+ Kxc5 42. Bb7 Bc4 43. Bc8 Bd5 44. Bd7 Ba2 45. Kd3 Bb3 46. Bc8 Kd5 47. Bb7+ Kc5 48. Bc8 Kb4 49. Kd4 Bd5 50. Bd7 Kb3 51.
Be8 Kc2 52. Bg6 Kd2 53. Bxf5 Ke2 54. Bxg4+ Kf2 55. f5 exf5 56. Bxf5 Ba2 57. g4 Kg3 58. e6 Kf4 59. e7 Bf7 60. Bd7 Kg5 61. Ke5 Bg6 62.
Bf5 Be8 63. Ke6 Ba4 64. Kf7 Bb3+ 65. Kf8 Ba4 66. e8=Q Bxe8 67. Kxe8 Kf6 68. Kf8 Kg5 69. Kg7 Kf4 70. Kf6 Ke3 71. g5 Kd4 72. g6 Kc5 73. g7 Kd6 74. g8=Q 1-0

[Event "*** Titled Tuesday Blitz"]
[Site "Chess.com"]
[Date "2020.04.28"]
[Round "9"]
[White "wild_cat99"]
[Black "GMSrinath"]
[Result "0-1"]
[WhiteElo "2580"]
[BlackElo "2752"]
[TimeControl "180+1"]
[EndTime "11:47:27 PDT"]
[Termination "GMSrinath won on time"]

1. Nf3 c5 2. e4 Nc6 3. d4 cxd4 4. Nxd4 Nf6 5. f3 e5 6. Nb5 d6 7. c4 Be7 8. N1c3 a6 9. Na3 O-O 10. Be3 Nh5 11. Nc2 f5 12. exf5 Bxf5 13. Qd2 Nf4 14. g3 Ne6 15. Bg2 Bxc2 16. Qxc2 Ned4 17. Qf2 Bg5 18. Bxg5 Qxg5 19. O-O Qh6 20. Ne4 Rf7 21. Qd2 Qg6 22. c5 dxc5 23. Nxc5 Rd8 24. Qf2 Rdf8 25. f4 Kh8 26. Be4 Qd6 27. Nxb7 Rxb7 28. fxe5 Rxf2 29.
exd6 Rxf1+ 30. Rxf1 Rb8 31. d7 Rd8 32. Rf7 Ne5 33. Re7 Nxd7 34. Kf2 Nf6 35. Ke3 Nc2+ 36. Kf4 Nb4 37. Ra7 h6 38. a3 Nbd5+ 39. Bxd5 Nxd5+ 40. Ke5 Ne3 41. Rxa6 Nc4+ 42. Ke6 Nxb2 43. Ra7 Rf8 44. a4 Rf6+ 45. Ke7 Nc4 46. Ra8+ Kh7 47. a5 Rf1 48. a6 Ra1 49. a7 Ne5 50. Kd6 Ng4 51. Kc7 Nxh2 52. Kb7 Nf1 53. Re8 Rxa7+ 54. Kxa7 Nxg3 55. Re3 h5 56. Rxg3 Kh6 57. Kb6 h4 58. Rg1 g5 59. Kc5 h3 60. Kd4 Kh5 61. Ke3 Kh4 62.
Kf2 h2 0-1